 Dungeon Crawl Stone Soup version 0.30.0-18-gc0e69614cb (webtiles) character file.

Game seed: 2253420085377020993

939 Brutalitops the Poker (level 8, -6/45 HPs)
             Began as a Tengu Transmuter on May 26, 2023.
             Was an Elder of Cheibriados.
             Killed by divine providence
             ... invoked by an orc priest
              (8 damage)
             ... on level 5 of the Dungeon.
             The game lasted 00:17:09 (4359 turns).

Brutalitops the Poker (Tengu Transmuter)            Turns: 4359, Time: 00:17:11

Health: -6/45      AC:  8    Str: 21    XL:     8   Next: 12%
Magic:  2/4        EV: 16    Int: 24    God:    Cheibriados [****..]
Gold:   182        SH:  5    Dex: 23    Spells: 6/11 levels left

rFire   + . .        a - +1 demon trident (antimagic)
rCold   . . .        (no shield)
rNeg    . . .        e - +1 leather armour
rPois   .            (helmet restricted)
rElec   .            (no cloak)
rCorr   .            (no gloves)
SInv    .            (boots unavailable)
Will    .....        o - amulet of reflection
Stlth   ++           f - +4 ring of protection
HPRegen 0.27/turn    i - ring of protection from fire
MPRegen 0.09/turn

%: reflection
@: wereblooded, flying quickly and evasively, very slow
A: beak, talons 3, nimble flight
a: Renounce Religion, Bend Time, Temporal Distortion, Slouch


You were on level 5 of the Dungeon.
You worshipped Cheibriados.
Cheibriados was greatly pleased with you.
You visited 1 branch of the dungeon, and saw 5 of its levels.

You collected 182 gold pieces.

Inventory:

Hand Weapons
 a - a +1 antimagic demon trident (weapon)
 b - a +1 shortbow of electrocution
Missiles
 q - a throwing net
Armour
 e - a +1 leather armour (worn)
Jewellery
 f - a +4 ring of protection (left hand)
 i - a ring of protection from fire (right hand)
 o - an amulet of reflection (around neck)
Wands
 k - a wand of roots (16)
Scrolls
 l - a scroll of blinking
Potions
 c - 4 potions of attraction
 g - 2 potions of lignification
 j - 2 potions of invisibility
 m - 5 potions of curing
 p - a potion of flight {unknown}


   Skills:
 + Level 2.7 Fighting
 + Level 5.0 Polearms
 + Level 2.0 Ranged Weapons
 + Level 2.6 Armour
 + Level 3.3 Dodging
 + Level 2.0 Stealth
 + Level 0.7 Shields
 + Level 4.7 Unarmed Combat
 - Level 2.2 Spellcasting
 - Level 2.0 Transmutations
 * Level 3.1 Invocations


You had 6 spell levels left.
You knew the following spells:

 Your Spells              Type           Power      Damage    Failure   Level
a - Spider Form           Tmut/Pois      7%         N/A       26%         3
b - Wereblood             Tmut           12%        N/A       9%          2

Your spell library contained the following spells:

 Spells                   Type           Power      Damage    Failure   Level
 Beastly Appendage        Tmut           24%        N/A       6%          1
 Freeze                   Ice            8%         1d3       14%         1
 Dazzling Flash           Conj/Hex       4%         N/A       38%         3
 Frozen Ramparts          Ice            4%         1d1       38%         3
 Hailstorm                Conj/Ice       2%         3d3       38%         3
 Volatile Blastmotes      Fire/Tloc      4%         2d10      38%         3
 Ice Form                 Ice/Tmut       7%         N/A       65%         4
 Iskenderun's Mystic Bla  Conj/Tloc      2%         2d3       80%         4
 Starburst                Conj/Fire      1%         6d3       100%        6


Dungeon Overview and Level Annotations

Branches:
Dungeon (5/15)
 Temple: D:4-7

Altars:
Cheibriados
Nemelex Xobeh


Innate Abilities, Weirdness & Mutations

You have a beak for a mouth.
You have claws for feet.
Your magical nature lets you fly swiftly and evasively.


Message History

Your punch misses the centaur.
The centaur is lightly wounded.
The centaur misses you. The centaur barely misses you.
You block the centaur's attack. The centaur completely misses you.
You puncture the centaur! You peck the centaur, but do no damage.
The centaur is heavily wounded.
The centaur completely misses you. The centaur misses you.
You puncture the centaur!
You kill the centaur!
Cheibriados thoroughly appreciates the change of pace.
Your Polearms skill increases to level 5!
Your Stealth skill increases to level 2!
You puncture the orc!
You kill the orc!
Cheibriados thoroughly appreciates the change of pace.
Casting: Wereblood (safe; 9% risk of failure)
Confirm with . or Enter, or press ? or * to list all spells.
Your blood is infused with primal strength.
The orc priest begins to cast a cantrip, but forgets the words!
The orc priest invokes the aid of Beogh against you.
Beogh smites you!
* * * LOW HITPOINT WARNING * * *
The orc priest casts a cantrip, but nothing happens.
The orc priest mumbles some strange prayers to Beogh against you.
Beogh smites you!
* * * LOW HITPOINT WARNING * * *
The orc priest misses you.
Reach: a) +1 demon trident (antimagic)
Press: ? - help, Dir - move target, f - orc priest
Aim: an orc priest, wielding a +0 mace and wearing a +0 leather armour (wandering, hasn't noticed you, about 34% to evade your +1 antimagic demon trident)
You reach to attack!
You closely miss the orc priest.
The orc priest shouts!
The orc priest closely misses you.
You hit the orc priest. You claw the orc priest.
You peck the orc priest, but do no damage.
The orc priest is heavily wounded.
The orc priest hits you but does no damage.
The orc priest invokes the aid of Beogh against you.
Beogh smites you!
You die...

# #####.#####
..(..)..).#
......###.# ..c#.
#.######## c #
#.........
#.@o.o....
#...o.....
...........
####........ ...
#........
..#######........
#............####
#.o..........#
.....
#..l.........


You could see 2 orc priests and an orc.

Vanquished Creatures
  A sky beast (D:4)
  A black bear (D:5)
  A centaur (D:5)
  3 scorpions
  A howler monkey (D:5)
  2 hounds (D:5)
  A sleepcap (D:5)
  3 orc wizards (D:3)
  Robin (D:3)
  7 gnolls (D:5)
  10 adders
  2 white imps
  2 worms
  2 dart slugs
  12 orcs
  10 ball pythons
  4 bats
  4 endoplasms
  3 giant cockroaches
  4 hobgoblins
  12 jackals
  A quokka (D:3)
  4 frilled lizards (D:1)
  16 goblins
  7 kobolds
  3 rats
117 creatures vanquished.

Notes
Turn   | Place    | Note
-------+----------+-------------------------------------------
     0 | D:1      | Brutalitops the Tengu Transmuter began the quest for the
                  | Orb.
     0 | D:1      | Reached XP level 1. HP: 12/12 MP: 4/4
    89 | D:1      | Reached XP level 2. HP: 16/16 MP: 6/6
    92 | D:1      | Learned a level 2 spell: Wereblood
   983 | D:2      | Reached XP level 3. HP: 18/20 MP: 4/7
  1088 | D:2      | Found a faded altar of an unknown god.
  1091 | D:2      | Prayed at the altar of an unknown god.
  1091 | D:2      | Became a worshipper of Cheibriados the Contemplative
  1091 | D:2      | Reached * piety under Cheibriados
  1875 | D:3      | Reached XP level 4. HP: 25/25 MP: 8/8
  1879 | D:3      | Learned a level 3 spell: Spider Form
  2086 | D:3      | Reached skill level 1 in Armour
  2090 | D:3      | Reached skill level 1 in Invocations
  2124 | D:3      | Gained mutation: Your magical nature lets you fly swiftly
                  | and evasively. [Tengu growth]
  2124 | D:3      | Reached XP level 5. HP: 20/29 MP: 3/9
  2262 | D:3      | Noticed Robin
  2267 | D:3      | Reached skill level 1 in Ranged Weapons
  2272 | D:3      | Reached ** piety under Cheibriados
  2289 | D:3      | Killed Robin
  2761 | D:3      | Identified the +4 rapier of Uhiaxzan {spect, *Corrode
                  | Str+4}
  2907 | D:3      | Reached skill level 1 in Polearms
  2944 | D:3      | Reached XP level 6. HP: 35/35 MP: 2/10
  3192 | D:3      | Reached *** piety under Cheibriados
  3274 | D:4      | Reached skill level 2 in Polearms
  3603 | D:4      | Reached skill level 3 in Polearms
  3603 | D:4      | Reached skill level 1 in Stealth
  3705 | D:4      | Noticed a sky beast
  3719 | D:4      | Killed a sky beast
  3720 | D:4      | Reached XP level 7. HP: 23/40 MP: 3/11
  3994 | D:4      | Found a sparkling altar of Nemelex Xobeh.
  4032 | D:5      | Entered Level 5 of the Dungeon
  4179 | D:5      | Reached skill level 4 in Polearms
  4323 | D:5      | Reached **** piety under Cheibriados
  4326 | D:5      | Reached XP level 8. HP: 22/45 MP: 1/12
  4326 | D:5      | HP: 1/45 [orc priest/divine providence (12)]
  4353 | D:5      | Reached skill level 5 in Polearms
  4356 | D:5      | HP: 1/45 [orc priest/divine providence (12)]
  4359 | D:5      | Killed from afar by an orc priest

Illustrated notes

Levels and vault maps discovered:
D:1:      sevenhm_arrival_forest_fort_large_4, layout_loops_ring,
          minmay_misc_feat_roman
D:2:      layout_basic, dreamdust_ecumenical_altar_grove, minmay_tetromino_i4
D:3:      wad_river_or_something, layout_basic, minmay_snake_closets, uniq_robin
D:4:      layout_basic, nemelex_diamond_rough_becter, minmay_cupped
D:5:      layout_basic

Skill      XL: |  1  2  3  4  5  6  7  8 |
---------------+-------------------------+-----
Unarmed Combat | 4 |  4.7
Transmutations | 2 |  2.0
Armour         | 1 2 |  2.6
Invocations    | 1 2 3 |  3.1
Ranged Weapons | 1 2 |  2.0
Polearms       | 1 3 4 5 |  5.0
Fighting       | 2 |  2.7
Stealth        | 1 2 |  2.0
Dodging        | 3 |  3.3
Shields        | |  0.7
Spellcasting   | |  2.2

Action                     |  1- 3 |  4- 6 |  7- 9 || total
---------------------------+-------+-------+-------++-------
  Melee: Unarmed           |    77 |    16 |       ||    93
         Kick              |    16 |    37 |    14 ||    67
         Peck              |    12 |    17 |     7 ||    36
         Punch             |     3 |     2 |     1 ||     6
         Demon trident     |       |   131 |    57 ||   188
   Fire: Shortbow          |       |    30 |       ||    30
   Cast: Wereblood         |     5 |     3 |     4 ||    12
    Use: Scroll            |     8 |     6 |     3 ||    17
         Potion            |     1 |     1 |     1 ||     3
   Stab: Sleeping          |       |     5 |       ||     5
         Distracted        |       |     1 |       ||     1
 Armour: Robe              |     2 |       |       ||     2
         Leather armour    |    18 |    49 |    11 ||    78
  Dodge: Dodged            |    44 |    87 |    53 ||   184
  Block: Other             |       |     4 |    15 ||    19
         Reflection        |       |       |     2 ||     2
